cohdb
Replays
Latest Replays
All Replays
Popular Replays
Top Player Replays
Match Explorer
How It Works
Community
CoH3 Stats
Reddit
Sign in to upload your games and track your stats! →
Sign in with Steam
Match 20272527
Unlisted
Match 20272527
Overview
Messages
Build Orders
End
Kradschützen Motorcycle Team
Selects Armored Support Battlegroup
Panzergrenadier Squad
Panzergrenadier Squad
Construct Light Support Kompanie
Selects Veteran Gunners
2.5-tonne Medical Truck
Construct Mechanized Kompanie
8 Rad Armored Car
Veteran Squad Leaders
Vehicle Survival Package
Selects Vehicle Awareness
Tungsten Core Ammunition
Construct Panzerarmee Kommand
Selects Panzer Storm
Panzer III L Medium Tank
Emergency Repair Kits
Selects Stuka Dive Bomb
Rapid Advance
Panzer III L Medium Tank
Advanced Optics
Panzer III L Medium Tank
Stuka Dive Bomb
Advanced Field Repairs
Selects Flammpanzer III Medium Tank Sd.Kfz. 141
Panzer Storm
Stuka Dive Bomb
Wolf 0815
Büffel
kerem
kuzu1
0
0
Comments
sign in to comment!
No comments posted yet!